 Dungeon Crawl Stone Soup version 0.19-a0-1803-g97ff39f (webtiles) character file.

8006 Naow the Severer (level 11, -14/58 HPs)
             Began as a Minotaur Berserker on Oct 5, 2016.
             Was a High Priest of Trog.
             Killed from afar by a wretched star (29 damage)
             ... with an orb of energy
             ... on level 2 of the Abyss.
             The game lasted 00:21:10 (11023 turns).

Naow the Severer (Minotaur Berserker)              Turns: 11023, Time: 00:21:11

Health: -14/58     AC:  9    Str: 18    XL:     11   Next: 4%
Magic:  3/6        EV:  5    Int:  3    God:    Trog [*****.]
Gold:   537        SH:  0    Dex:  6    Spells: 0 memorised, 10 levels left

rFire  . . .     SeeInvis .     B - +1 battleaxe (curse)
rCold  + . .     Gourm    .     J - +0 plate armour
rNeg   . . .     Faith    .     (shield currently unavailable)
rPois  .         Spirit   .     (helmet restricted)
rElec  .         Dismiss  .     (no cloak)
rCorr  .         Reflect  .     (no gloves)
MR     ++...     Harm     .     x - +2 pair of boots
Stlth  .......... Rnd*Rage +    (no amulet) Rnd*Tele +
                                (no ring)
                                d - ring of protection from cold

@: very slightly contaminated, non-regenerating, badly diseased, hasted,
drained, very quick
A: retaliatory headbutt, horns 2, berserk 3, blurry vision 3, clumsy 2, deformed
body, deterioration 2, dopey 2, frail 3, low mp 3, screaming 3, slow
regeneration 3, teleportitis 3, weak 2, no device heal 3, subdued magic 3,
MP-powered wands
a: Berserk, Trog's Hand, Brothers in Arms, Burn Spellbooks, Renounce Religion


You were on level 2 of the Abyss.
You worshipped Trog.
Trog was extremely pleased with you.
You were hungry.

You visited 1 branch of the dungeon, and saw 9 of its levels.
You visited the Abyss 1 time.

You collected 537 gold pieces.

Inventory:

Hand Weapons
 a - a +0 hand axe
 B - a cursed +1 battleaxe (weapon)
 I - a +0 hand axe of distortion
 K - a +1 hand axe of venom
 L - a +2 battleaxe of chopping
Armour
 b - a +0 animal skin
 x - a +2 pair of boots (worn)
 y - a +0 ring mail
 J - a +0 plate armour (worn)
Jewellery
 d - a ring of protection from cold (left hand)
Wands
 r - a wand of hasting (1/9)
 u - a wand of slowing (27/48)
 v - a wand of confusion (31/48)
Scrolls
 e - 4 scrolls of magic mapping {unknown}
 h - 3 scrolls of teleportation {unknown}
 i - 5 scrolls of identify {unknown}
 j - a scroll of fog {unknown}
 n - a scroll of fear {unknown}
 o - 3 scrolls of remove curse {unknown}
 p - 2 scrolls of immolation {unknown}
 q - a scroll of random uselessness {unknown}
 s - a scroll of recharging {unknown}
 E - a scroll of enchant armour {unknown}
Potions
 f - 2 potions of lignification {unknown}
 g - 2 potions of flight {unknown}
 k - 3 potions of heal wounds {unknown}
 l - 2 potions of might {unknown}
 t - a potion of agility {unknown}
 z - a potion of cancellation {unknown}
 A - a potion of invisibility
 C - a potion of resistance {unknown}
 D - a potion of curing {unknown}
 G - a potion of degeneration {unknown}
 N - 2 potions of magic {unknown}
Books
 m - a book of Minor Magic

   Spells                             Type                      Level
   a - Magic Dart                     Conjuration                  1
   b - Blink                          Translocation                2
   c - Call Imp                       Summoning                    2
   d - Repel Missiles                 Charms/Air                   2
   e - Slow                           Hexes                        2
   f - Conjure Flame                  Conjuration/Fire             3
   g - Mephitic Cloud                 Conjuration/Poison/Air       3
   Trog disapproves of the use of such an item.
 F - a book of Cantrips

   Spells                             Type                      Level
   a - Confusing Touch                Hexes                        1
   b - Animate Skeleton               Necromancy                   1
   c - Summon Small Mammal            Summoning                    1
   d - Apportation                    Translocation                1
   Trog disapproves of the use of such an item.
 H - a book of Transfigurations

   Spells                             Type                      Level
   a - Irradiate                      Conjuration/Transmutation    5
   b - Statue Form                    Transmutation/Earth          6
   c - Hydra Form                     Transmutation                6
   d - Dragon Form                    Transmutation                7
   Trog disapproves of the use of such an item.
Comestibles
 c - 4 bread rations
 w - 2 meat rations


   Skills:
 - Level 4.2(4.0) Fighting
 + Level 18.6(18.4) Axes
 - Level 2.8(2.6) Armour
 - Level 2.5(2.4) Dodging


You had 10 spell levels left.
You didn't know any spells.

Dungeon Overview and Level Annotations

Branches:
Dungeon (9/15)             Temple (0/1) D:6
   Lair: D:8-11         Orc: D:9-12

Altars:
Ashenzari
Elyvilon
Fedhas
Kikubaaqudgha
Sif Muna
Trog
Vehumet
Yredelemnul
Beogh

Shops:
D:7 :?[?(

Annotations:
D:9 Psyche


Innate Abilities, Weirdness & Mutations

You reflexively headbutt those who attack you in melee.
You have a pair of horns on your head.
[You have an uncontrollable temper.]
[Scrolls take you much longer to read.]
[You are very clumsy. (Dex -4)]
[Armour fits poorly on your strangely shaped body.]
[Your body often deteriorates upon taking damage.]
[You are very dopey. (Int -4)]
[You are extremely frail. (-30% HP)]
[Your magical capacity is extremely low. (-30% MP)]
[You frequently scream uncontrollably at your foes.]
[You do not regenerate.]
[You are often teleported next to monsters.]
[You are very weak. (Str -4)]
[Potions and wands cannot restore your health.]
[Your spells are much easier to cast, but much less powerful.]
[You expend magic power (3 MP) to strengthen your wands.]


Message History

Your regeneration stops completely.
The smoke demon hits you but does no damage. x2
The smoke demon closely misses you.
The wretched star pulses with an eldritch light!
The quasit bites you.
* * * LOW HITPOINT WARNING * * *
The quasit claws you but does no damage. x2
Zapping:
r - a wand of hasting (will waste charges)
Press: ? - help, Shift-Dir - straight line, f - you You feel yourself speed up.
You are very lightly contaminated with residual magic.
Evoking this partially-identified wand wasted a few charges.
The white imp gestures at you. The puff of frost hits you! You resist.
* * * LOW HITPOINT WARNING * * *
The wretched star pulses with an eldritch light!
The wretched star glows turbulently.
The orb of energy hits you!
Ouch! That really hurt!
You die...

...*
....#. .
.
###..#.##
∩.####
###*#.
#..#. ..
#.#.##.#.
#. #..
###..## .
# # #
##.....#
..
#.#...##
##..#..#
#.@##.##
#.##.###
## .# #.
##


You could see a wretched star.

Vanquished Creatures
  Joseph (D:9)
  A kobold demonologist (D:9)
  A troll (D:9)
  2 two-headed ogres
  2 hippogriffs
  A wraith (D:8)
  5 yaks (D:9)
  A wyvern (D:8)
  A water moccasin (D:7)
  Duvessa (D:7)
  2 orc warriors (D:8)
  2 sky beasts
  3 ice beasts
  A phantom (D:4)
  2 necrophages (D:8)
  6 ogres
  7 centaurs
  A crocodile (D:9)
  12 big kobolds
  5 bullfrogs
  Dowan (D:7)
  2 scorpions
  11 wights
  4 killer bees (D:8)
  3 human zombies (D:8)
  A quasit (D:6)
  3 orc priests
  3 jellies
  A centaur skeleton (D:5)
  3 hounds
  4 orc wizards
  A bullfrog skeleton (D:4)
  A human skeleton (D:8)
  3 iguanas
  9 worker ants
  Natasha (thrice) (D:3)
  2 mummies (D:8)
  A howler monkey zombie (D:6)
  Robin (D:2)
  A worker ant zombie (D:7)
  A gnoll (D:1)
  A howler monkey skeleton (D:6)
  10 adders
  4 shadow imps
  2 oozes
  An adder zombie (D:6)
  4 worms
  A dart slug (D:3)
  6 leopard geckos
  37 orcs
  6 giant cockroaches
  12 goblins
  9 hobgoblins
  22 jackals
  9 quokkas
  3 ball pythons
  6 bats
  9 frilled lizards
  23 kobolds
  A leopard gecko skeleton (D:4)
  An orc zombie (D:8)
  2 quokka skeletons
  6 rats
291 creatures vanquished.

Vanquished Creatures (others)
  An ufetubus (Abyss:2)
1 creature vanquished.

Grand Total: 292 creatures vanquished

Notes
Turn   | Place    | Note
-------+----------+-------------------------------------------
     0 | D:1      | Naow the Minotaur Berserker began the quest for the Orb.
     0 | D:1      | Reached XP level 1. HP: 19/19 MP: 0/0
   271 | D:1      | Reached XP level 2. HP: 24/27 MP: 1/1
   492 | D:1      | Reached skill level 4 in Axes
   530 | D:1      | Reached ** piety under Trog
   558 | D:1      | Reached XP level 3. HP: 15/33 MP: 2/2
  1205 | D:2      | Reached skill level 5 in Axes
  1315 | D:2      | Noticed Robin
  1319 | D:2      | Reached XP level 4. HP: 34/40 MP: 3/3
  1328 | D:2      | Killed Robin
  2024 | D:3      | Noticed Natasha
  2030 | D:3      | Killed Natasha
  2030 | D:3      | Reached skill level 6 in Axes
  2534 | D:3      | Reached XP level 5. HP: 39/46 MP: 4/4
  2566 | D:3      | Noticed Natasha
  2570 | D:3      | Killed Natasha
  2661 | D:3      | Noticed Natasha
  2665 | D:3      | Killed Natasha
  2840 | D:3      | Found a white marble altar of Elyvilon.
  2841 | D:3      | Found a radiant altar of Vehumet.
  2849 | D:3      | Found a shattered altar of Ashenzari.
  3010 | D:3      | Reached skill level 7 in Axes
  3168 | D:3      | Reached *** piety under Trog
  3273 | D:4      | Reached XP level 6. HP: 40/52 MP: 5/5
  3353 | D:4      | Reached skill level 8 in Axes
  3425 | D:4      | Reached skill level 9 in Axes
  3678 | D:4      | Reached XP level 7. HP: 14/59 MP: 6/6
  4515 | D:4      | Noticed a hippogriff
  4529 | D:4      | Killed a hippogriff
  4529 | D:4      | Reached skill level 10 in Axes
  4961 | D:4      | Found a deep blue altar of Sif Muna.
  4970 | D:4      | Found an ancient bone altar of Kikubaaqudgha.
  5341 | D:5      | Entered Level 5 of the Dungeon
  5518 | D:5      | Noticed a two-headed ogre
  5524 | D:5      | Killed a two-headed ogre
  5524 | D:5      | Reached skill level 11 in Axes
  5524 | D:5      | Reached XP level 8. HP: 42/66 MP: 7/7
  5864 | D:5      | Reached skill level 12 in Axes
  6513 | D:6      | Reached skill level 13 in Axes
  6773 | D:6      | Found a blossoming altar of Fedhas.
  6774 | D:6      | Found a bloodstained altar of Trog.
  6928 | D:6      | Found a staircase to the Ecumenical Temple.
  7163 | D:7      | Noticed Duvessa
  7163 | D:7      | Noticed Dowan
  7173 | D:7      | Killed Duvessa
  7173 | D:7      | Reached XP level 9. HP: 71/71 MP: 8/8
  7176 | D:7      | Killed Dowan
  7243 | D:7      | Found Qonazaiw's Magic Scroll Emporium.
  7263 | D:7      | Reached skill level 14 in Axes
  7290 | D:7      | Found Gealuff's Magic Scroll Shop.
  7291 | D:7      | Found Jeodar's Antique Weapon Boutique.
  7886 | D:7      | Reached **** piety under Trog
  8026 | D:7      | Found Gageuf's Book Shop.
  8243 | D:7      | Reached skill level 15 in Axes
  8423 | D:7      | Found Qeddaefoa's Armour Shop.
  8856 | D:8      | Reached skill level 16 in Axes
  8862 | D:8      | Reached XP level 10. HP: 41/79 MP: 9/9
  9390 | D:8      | Found a basalt altar of Yredelemnul.
  9456 | D:8      | Found a roughly hewn altar of Beogh.
  9485 | D:8      | Reached ***** piety under Trog
  9673 | D:8      | Found an ancient bone altar of Kikubaaqudgha.
  9846 | D:8      | Reached skill level 17 in Axes
 10695 | D:9      | Reached skill level 18 in Axes
 10723 | D:9      | Noticed a smoke demon
 10737 | D:9      | Received a gift from Trog
 10772 | D:9      | Noticed Joseph
 10780 | D:9      | Killed Joseph
 10780 | D:9      | Reached XP level 11. HP: 84/84 MP: 10/10
 10886 | D:9      | Noticed Psyche
 10900 | D:9      | Cast into level 1 of the Abyss (Psyche)
 10903 | Abyss:1  | Found a corrupted altar of Lugonu.
 10946 | Abyss:2  | Noticed a wretched star
 10955 | Abyss:2  | Noticed a wretched star
 11023 | Abyss:2  | Killed from afar by a wretched star

Vault maps used:
D:1:      matt_arrival_diagonals, st_stairs_8
D:2:      uniq_robin, uniq_jessica
D:3:      minitemple, uniq_natasha
D:4:      amethyst_overflow_temple_binary
D:5:      first_bread
D:6:      cheibrodos_quashed, gammafunk_temple_overflow_statue
D:7:      nicolae_whirlpool, serial_shops, nicolae_shop_statue_plus, shop, shop,
          shop, nicolae_shop_stone, serial_bayou_pond_b, solitary_fountain,
          uniq_duvessa
D:8:      kennysheep_little_box, special_room,
          lemuel_mausoleum_altar_kikubaaqudgha
D:9:      lemuel_upstairs_altar, serial_shops, shop_fountains, special_room,
          uniq_joseph, uniq_psyche

Skill      XL: |  1  2  3  4  5  6  7  8  9 10 |
---------------+-------------------------------+-----
Fighting       | 4 |  4.2
Axes           | 4 5 6 7 9 11 13 16 18 | 18.6
Armour         | |  2.8
Dodging        | |  2.5

Action                   |  1- 3 |  4- 6 |  7- 9 | 10-12 || total
-------------------------+-------+-------+-------+-------++-------
Melee: Hand axe          |    85 |   131 |   362 |    84 ||   662
       Headbutt          |    17 |    21 |    68 |    37 ||   143
       Battleaxe         |       |       |       |   158 ||   158
Invok: Berserk           |       |     7 |    10 |     7 ||    24
       Trog's Hand       |       |     4 |     5 |     2 ||    11
Evoke: Wand              |       |       |       |     1 ||     1
  Eat: Chunk             |     1 |    15 |    23 |    15 ||    54
       Bread ration      |       |       |     1 |       ||     1
       Pizza             |       |       |     1 |       ||     1
Armor: Animal skin       |    18 |     9 |    28 |       ||    55
       Ring mail         |       |       |    64 |    16 ||    80
       Plate armour      |       |       |       |   125 ||   125
Dodge: Dodged            |    75 |    64 |   170 |    83 ||   392
